AoeStats
← HSL | Tisy16

Lombardia

509951594Analyzed
2v2 RM · 4d ago on Sep 28, 2026· 49m 25s· 4 players
Game mode
Random Map
Map size
Medium (4 player)
Population
200
Speed
Normal
Resources
Standard
Victory
Conquest
Starting age
Dark Age
Ending age
Imperial Age
RankedLock teamsTeams togetherTeam positionsShared explorationLock speedFull tech treeHidden civsTurbo modeCheats
Victory
Defeat
🇮🇹 Armenians · Italy
1332
+14
🇨🇴 Burgundians · Colombia
1262
+16
🇩🇰 Tatars · Denmark
1284
-15
🇩🇰 Varangians · Denmark
1284
-15
I7RANK
4:59 Loom
10:39 Feudal Age
12:46 Double-Bit Axe
12:56 Horse Collar
15:21 Bow Saw
21:44 Castle Age
20:30 Scale Barding Armor
21:22 Forging
22:56 Chain Barding Armor
23:56 Iron Casting
23:01 Cavalier
24:15 Husbandry
24:30 Gold Mining
39:54 Imperial Age
41:12 Plate Barding Armor
41:57 Wheelbarrow
41:07 Town Watch
45:09 Paladin
48:11 Hand Cart
47:56 Town Patrol
48:59 Two-Man Saw
48:00 Heavy Plow
48:41 Gold Shaft Mining
HSL | Tisy16
6:39 Loom
9:51 Feudal Age
12:19 Double-Bit Axe
15:46 Wheelbarrow
15:26 Fletching
18:53 Padded Archer Armor
20:24 Horse Collar
22:45 Castle Age
23:29 Bodkin Arrow
22:56 Crossbowman
25:14 Bow Saw
24:59 Gold Mining
27:58 Leather Archer Armor
29:25 Ballistics
34:09 Hand Cart
38:49 Imperial Age
37:40 Herbal Medicine
38:50 Herbal Medicine
41:13 Chemistry
40:15 Bracer
40:23 Arbalester
42:35 Ring Archer Armor
45:48 Capped Ram
47:19 Masonry
46:55 Siege Ram
jakobtoxvig
11:01 Feudal Age
13:45 Horse Collar
16:07 Castle Age
15:41 Bloodlines
17:41 Wheelbarrow
19:35 Double-Bit Axe
20:47 Husbandry
22:26 Scale Barding Armor
22:32 Forging
23:39 Bow Saw
24:53 Loom
25:24 Hand Cart
24:54 Town Watch
25:24 Heavy Plow
27:10 Gold Mining
30:12 Chain Barding Armor
39:20 Husbandry
40:58 Iron Casting
45:18 Imperial Age
44:09 Masonry
43:37 Elite Skirmisher
44:16 Fletching
44:26 Padded Archer Armor
44:47 Elite Skirmisher
45:33 Bodkin Arrow
45:54 Leather Archer Armor
46:52 Crossbowman
48:34 Bracer
49:04 Ring Archer Armor
xkasperxx
10:17 Feudal Age
10:26 Loom
10:47 Double-Bit Axe
15:28 Castle Age
13:48 Fletching
14:14 Gold Mining
14:59 Padded Archer Armor
16:33 Bodkin Arrow
17:27 Bow Saw
20:50 Horse Collar
23:26 Bloodlines
23:37 Leather Archer Armor
24:48 Husbandry
25:29 Wheelbarrow
26:00 Ballistics
27:37 Hand Cart
28:03 Gold Shaft Mining
29:58 Heavy Plow
40:32 Silk Armor
48:19 Imperial Age
Connection lost

Rejoining the realm…

Still unreachable

The connection could not be restored.

Session expired

The server has moved on; the page needs a fresh start.